 Dungeon Crawl Stone Soup version 0.20.1-1-g8b1a95d (webtiles) character file.

2870 gobwax the Basher (level 9, -1/52 HPs)
             Began as a Gargoyle Fighter on July 4, 2017.
             Was a Priest of Makhleb.
             Killed from afar by an efreet (22 damage)
             ... with a fireball
             ... on level 9 of the Dungeon.
             The game lasted 00:12:53 (5824 turns).

gobwax the Basher (Gargoyle Fighter)                Turns: 5824, Time: 00:12:54

Health: -1/52      AC: 15    Str: 24    XL:     9   Next: 76%
Magic:  0/9        EV: 10    Int:  8    God:    Makhleb [***...]
Gold:   494        SH: 13    Dex:  9    Spells: 8/8 levels left

rFire    . . .     SeeInvis .   C - +3 flail (distort)
rCold    + . .     Gourm    .   G - +3 shield
rNeg     + . .     Faith    .   b - +0 scale mail
rPois    ∞         Spirit   +   (no helmet)
rElec    +         Reflect  .   A - scarf {Spirit}
rCorr    .         Harm     .   q - +1 pair of gloves
MR       .....                  L - +0 pair of boots
Stlth    ..........             (no amulet)
Regen    0.2/turn               g - ring of protection from cold
MPRegen  0.2/turn               w - +3 ring of evasion

@: no status effects
A: negative energy resistance 1, electricity resistance, unbreathing,
petrification resistance, rot immunity, AC +5
a: Minor Destruction, Lesser Servant of Makhleb, Renounce Religion


You were on level 9 of the Dungeon.
You worshipped Makhleb.
Makhleb was most pleased with you.
You were near starving.

You visited 1 branch of the dungeon, and saw 9 of its levels.

You collected 494 gold pieces.

Inventory:

Hand Weapons
 a - a +0 flail
 C - a +3 flail of distortion (weapon)
Armour
 b - a +0 scale mail (worn)
 c - a +0 shield
 q - a +1 pair of gloves (worn)
 u - a +0 buckler
 A - a scarf of spirit shield (worn)
 G - a +3 shield (worn)
 L - a +0 pair of boots (worn)
 M - a -2 chain mail
Jewellery
 g - a ring of protection from cold (left hand)
 t - an uncursed ring of flight
 w - a +3 ring of evasion (right hand)
Wands
 z - a wand of clouds (4/9)
Scrolls
 e - 2 scrolls of random uselessness
 k - 5 scrolls of remove curse
 l - 3 scrolls of blinking {unknown}
 m - 2 scrolls of recharging {unknown}
 n - a scroll of teleportation {unknown}
 o - 3 scrolls of immolation {unknown}
 r - 2 scrolls of enchant weapon
 x - a scroll of fog {unknown}
 y - 10 scrolls of identify
 B - a scroll of enchant armour
 E - a scroll of noise {unknown}
 I - a scroll of fear {unknown}
Potions
 d - 3 potions of might
 h - 3 potions of berserk rage
 i - 4 potions of lignification
 j - 3 potions of heal wounds {unknown}
 p - 4 potions of cancellation {unknown}
 v - a potion of brilliance {unknown}
 D - a potion of agility {unknown}
 H - a potion of flight {unknown}
 J - a potion of invisibility {unknown}
Comestibles
 f - 4 bread rations
 s - 6 fruits
 F - 3 royal jellies
 K - a meat ration


   Skills:
 + Level 3.8 Fighting
 - Level 12.3 Maces & Flails
 - Level 3.2 Armour
 * Level 5.1 Shields


You had 8 spell levels left.
You didn't know any spells.

Dungeon Overview and Level Annotations

Branches:
Dungeon (9/15)             Temple (0/1) D:6
   Lair: D:8-11         Orc: D:9-12

Altars:
Fedhas
Makhleb
Nemelex Xobeh


Innate Abilities, Weirdness & Mutations

You are resistant to torment.
Your stone body is resilient. (AC +5)
You are immune to poison.
You resist negative energy. (rN+)
You are resistant to electric shocks. (rElec)
You can survive without breathing.
You are immune to petrification.
You are immune to rotting.


Message History

There is an open door here.
You feel yourself speed up.
An efreet comes into view. It is wielding a scimitar of flaming.
You see here 20 gold pieces.
The efreet gestures at you.
The fireball explodes!
The fireball engulfs you!
Ouch! That really hurt!
You are too injured to fight recklessly!
You are too injured to fight recklessly!
You are too injured to fight recklessly!
You are too injured to fight recklessly!
You are too injured to fight recklessly!
You are too injured to fight recklessly!
You are too injured to fight recklessly!
As you read the scroll labeled MAVIDI BAQOSTRO, it crumbles to dust.
It is a scroll of enchant armour.
Your +2 shield glows green for a moment.
The efreet gestures at you.
The fireball explodes!
The fireball engulfs you!
You die...

.#####+####
........§#
......R.#
.......# ......#
#.....####
#.........
#.@.......
#$........
+.........
#.........
########.........
..........#+####.
..........#....#
..........'....#
..........#....#


You could see an efreet.

Vanquished Creatures
  Grinder (D:3)
  Sigmund (D:3)
  A wraith (D:9)
  A hungry ghost (D:7)
  Edmund (D:4)
  A phantom (D:7)
  An ogre (D:6)
  2 centaurs
  2 bullfrogs
  2 scorpions (D:6)
  A howler monkey (D:4)
  A crimson imp (D:3)
  A bullfrog zombie (D:6)
  A hound (D:5)
  3 bullfrog skeletons
  2 orc priests
  3 jellies
  3 orc wizards
  3 iguanas
  Terence (D:3)
  2 worker ants
  Ijyb (D:3)
  A killer bee zombie (D:6)
  2 hound zombies
  Robin (D:3)
  11 gnolls
  6 adders
  A shadow imp (D:7)
  An adder zombie (D:6)
  A dart slug (D:2)
  5 leopard geckos
  17 orcs
  2 ball pythons
  5 bats
  4 giant cockroaches
  14 goblins
  10 hobgoblins
  8 kobolds
  2 quokkas
  5 frilled lizards
  2 leopard gecko skeletons
  4 rats
137 creatures vanquished.

Vanquished Creatures (others)
  The ghost of daftwullie the Ogre Mage, a novice OgWr (D:7)
  A crocodile (D:7)
  A scorpion (D:8)
  A bullfrog zombie (D:5)
  A centaur zombie (D:5)
  A centaur skeleton (D:6)
  A worker ant (D:5)
  A gnoll (D:7)
8 creatures vanquished.

Grand Total: 145 creatures vanquished

Notes
Turn   | Place    | Note
-------+----------+-------------------------------------------
     0 | D:1      | gobwax the Gargoyle Fighter began the quest for the Orb.
     0 | D:1      | Reached XP level 1. HP: 14/14 MP: 1/1
    57 | D:1      | Reached XP level 2. HP: 15/19 MP: 2/2
   225 | D:1      | Reached skill level 3 in Maces & Flails
   614 | D:1      | Reached XP level 3. HP: 23/23 MP: 3/3
   732 | D:2      | Found a faded altar of an unknown god.
  1139 | D:2      | Reached skill level 4 in Maces & Flails
  1276 | D:2      | Reached XP level 4. HP: 24/28 MP: 4/4
  1359 | D:2      | Became a worshipper of Makhleb the Destroyer
  1359 | D:2      | Reached * piety under Makhleb
  1580 | D:3      | Noticed Grinder
  1584 | D:3      | Paralysed by Grinder for 7 turns
  1595 | D:3      | Paralysed by Grinder for 5 turns
  1604 | D:3      | Paralysed by Grinder for 7 turns
  1614 | D:3      | Paralysed by Grinder for 7 turns
  1633 | D:3      | Killed Grinder
  1633 | D:3      | Reached skill level 6 in Maces & Flails
  1633 | D:3      | Reached XP level 5. HP: 6/32 MP: 5/5
  1633 | D:3      | Reached XP level 6. HP: 7/37 MP: 6/6
  1930 | D:3      | Noticed Terence
  1952 | D:3      | Killed Terence
  2256 | D:3      | Noticed Sigmund
  2272 | D:3      | Killed Sigmund
  2272 | D:3      | Reached skill level 7 in Maces & Flails
  2272 | D:3      | Reached XP level 7. HP: 41/41 MP: 7/7
  2290 | D:3      | Noticed Robin
  2314 | D:3      | Killed Robin
  2364 | D:3      | Reached ** piety under Makhleb
  2491 | D:3      | Noticed Ijyb
  2499 | D:3      | Killed Ijyb
  2499 | D:3      | Reached skill level 8 in Maces & Flails
  2903 | D:4      | Noticed Edmund
  2960 | D:4      | Killed Edmund
  2960 | D:4      | Reached skill level 9 in Maces & Flails
  2960 | D:4      | Reached XP level 8. HP: 36/46 MP: 8/8
  3435 | D:5      | Entered Level 5 of the Dungeon
  3731 | D:5      | Found a blossoming altar of Fedhas.
  3974 | D:5      | Reached skill level 10 in Maces & Flails
  4298 | D:6      | Found a burning altar of Makhleb.
  4393 | D:6      | Found a blossoming altar of Fedhas.
  4432 | D:6      | Reached *** piety under Makhleb
  4482 | D:6      | Reached skill level 11 in Maces & Flails
  4637 | D:6      | Reached XP level 9. HP: 51/51 MP: 9/9
  4754 | D:6      | Found a staircase to the Ecumenical Temple.
  4925 | D:7      | Noticed daftwullie's ghost (novice OgWr)
  5072 | D:7      | Found a sparkling altar of Nemelex Xobeh.
  5310 | D:7      | Banished daftwullie's ghost
  5310 | D:7      | Reached skill level 12 in Maces & Flails
  5811 | D:9      | Reached skill level 5 in Shields
  5822 | D:9      | Noticed an efreet
  5824 | D:9      | Killed from afar by an efreet

Skill      XL: |  1  2  3  4  5  6  7  8  9 |
---------------+----------------------------+-----
Maces & Flails | 3 4 6 7 9 11 12 | 12.3
Shields        | 5 |  5.1
Fighting       | |  3.8
Armour         | |  3.2

Action                   |  1- 3 |  4- 6 |  7- 9 || total
-------------------------+-------+-------+-------++-------
Melee: Flail             |   160 |    80 |   304 ||   544
  Use: Potion            |       |     4 |       ||     4
       Scroll            |       |     2 |     4 ||     6
  Eat: Chunk             |     1 |     4 |     9 ||    14
       Fruit             |       |       |     1 ||     1
Armor: Scale mail        |   138 |    20 |    83 ||   241
       Skin              |       |    12 |       ||    12
Dodge: Dodged            |   117 |    36 |   123 ||   276
Block: Shield            |     9 |       |    99 ||   108
       Buckler           |       |     8 |    22 ||    30
